 Dungeon Crawl Stone Soup version 0.28-a0-941-g140ffa10cf (webtiles) character file.

Game seed: 6375613678773094521

375636 VincentAMV the Slayer (level 22, -12/161 HPs)
             Began as a Gargoyle Fighter on Nov 29, 2021.
             Was the Champion of the Shining One.
             Killed from afar by Axaref the Cloud Mage (22 damage)
             ... with a vortex
             ... in a wizard's laboratory.
             The game lasted 02:14:18 (58870 turns).

VincentAMV the Slayer (Gargoyle Fighter)           Turns: 58870, Time: 02:14:18

Health: -12/161    AC: 44    Str: 40    XL:     22   Next: 77%
Magic:  31/35      EV: 11    Int: 13    God:    the Shining One [******]
Gold:   3399       SH: 13    Dex:  9    Spells: 24/39 levels left

rFire   + + .      SeeInvis .   H - +4 eveningstar (flame)
rCold   + . .      Faith    .   t - +1 kite shield {reflect}
rNeg    + + +      Spirit   .   x - +6 scale mail "Jeakurr" {+Inv rF+ rC+ Str+4 Slay+2}
rPois   ∞          Reflect  +   q - +1 helmet
rElec   +          Harm     .   r - +3 cloak of Lightning Storm {rC- rN+ Will+ Str+4}
rCorr   .          Rampage  .   M - +0 pair of gloves {Str+3}
Will    ++++.      Rnd*Tele +   Y - +1 pair of boots "Wedajem" {rF+}
Stlth   ..........              R - amulet of magic regeneration
HPRegen 0.36/turn               X - ring of the Mage {Wiz Will++ Int+3}
MPRegen 0.64/turn               E - ring of protection from cold

@: flying, glowing
A: sickness immunity, AC +16, big wings, negative energy resistance 1,
electricity resistance, torment resistance 1, petrification resistance,
teleportitis 1
}: 2/15 runes: barnacled, gossamer
a: Renounce Religion, Evoke Invisibility, Divine Shield, Cleansing Flame, Summon
Divine Warrior


You were in a wizard's laboratory.
You worshipped the Shining One.
The Shining One was exalted by your worship.
You visited 8 branches of the dungeon, and saw 39 of its levels.
You also visited: Ossuary, Ice Cave, Volcano and Wizlab.

You collected 6280 gold pieces.
You spent 2881 gold pieces at shops.

Inventory:

Hand Weapons
 C - the +8 bardiche of Pedodecs {vorpal, Str+4}
   (You found it on level 10 of the Dungeon)

   It inflicts extra damage upon your enemies.
   Str:       It affects your strength (+4).
 H - a +4 eveningstar of flaming (weapon)
 W - a +8 sacred scourge of holy wrath
Missiles
 e - 84 poisoned darts (quivered)
 s - 14 throwing nets
 S - 8 silver javelins
Armour
 c - a +2 cloak of preservation
 q - a +1 helmet (worn)
 r - the +3 cloak of Lightning Storm (worn) {rC- rN+ Will+ Str+4}
   (You bought it in a shop on level 12 of the Dungeon)

   Str:       It affects your strength (+4).
   rC:        It makes you vulnerable to cold.
   rN:        It protects you from negative energy.
   Will:      It increases your willpower.
 t - a +1 kite shield of reflection (worn)
 x - the +6 scale mail "Jeakurr" (worn) {+Inv rF+ rC+ Str+4 Slay+2}
   (You found it on level 5 of the Dungeon)

   Str:       It affects your strength (+4).
   Slay:      It affects your accuracy & damage with ranged weapons and melee
   (+2).
   rF:        It protects you from fire.
   rC:        It protects you from cold.
   +Inv:      It lets you turn invisible.
 y - a +2 pair of boots of rampaging
 J - the +8 orange crystal plate armour {Archmagi, Int+3 Clar}
   (You found it on level 3 of the Lair of Beasts)

   Int:       It affects your intelligence (+3).
   Clar:      It protects you against confusion.
 M - a +0 pair of gloves of strength (worn)
 Y - the +1 pair of boots "Wedajem" (worn) {rF+}
   (You acquired it on level 15 of the Dungeon)

   rF:        It protects you from fire.
Jewellery
 a - a +6 ring of intelligence
 d - a ring of willpower
 E - a ring of protection from cold (right hand)
 G - a ring of protection from fire
 R - an amulet of magic regeneration (around neck)
 X - the ring of the Mage (left hand) {Wiz Will++ Int+3}
   (You found it on level 4 of the Shoals)

   [ring of wizardry]

   It improves your spell success rate.
   Int:       It affects your intelligence (+3).
   Will:      It greatly increases your willpower.
Wands
 l - a wand of polymorph (45)
 m - a wand of charming (22)
 o - a wand of iceblast (69)
 p - a wand of paralysis (41)
 v - a wand of digging (10)
 D - a wand of flame (68)
 T - a wand of mindburst (7)
Scrolls
 h - 2 scrolls of silence
 u - 4 scrolls of magic mapping
 w - 17 scrolls of teleportation
 z - 5 scrolls of enchant armour
 F - 4 scrolls of fog
 K - a scroll of brand weapon
 L - 8 scrolls of fear
 N - 7 scrolls of blinking
 P - 23 scrolls of identify
 Q - 4 scrolls of amnesia
 U - a scroll of summoning
Potions
 b - 6 potions of brilliance
 f - 10 potions of cancellation
 g - 3 potions of magic
 i - 7 potions of curing
 j - 10 potions of ambrosia
 k - 7 potions of mutation
 n - a potion of haste
 A - 6 potions of lignification
 B - 6 potions of resistance
 I - 3 potions of might
Miscellaneous
 O - a piece from Xom's chessboard (15/15)


   Skills:
 + Level 24.1 Fighting
 - Level 16.0(17.2) Axes
 - Level 11.8(16.0) Maces & Flails
 - Level 15.0 Armour
 - Level 3.0 Dodging
 - Level 15.0 Shields
 + Level 9.0 Spellcasting
 - Level 4.0 Hexes
 - Level 4.0 Translocations
 + Level 18.0 Invocations


You had 24 spell levels left.
You knew the following spells:

 Your Spells              Type           Power      Damage    Failure   Level
a - Slow                  Hex            64%        N/A       1%          1
b - Blink                 Tloc           32%        N/A       2%          2
c - Confusing Touch       Hex            16%        N/A       4%          3
d - Teleport Other        Tloc           16%        N/A       4%          3
e - Lesser Beckoning      Tloc           16%        N/A       4%          3
f - Swiftness             Air            5%         N/A       21%         3

Your spell library contained the following spells:

 Spells                   Type           Power      Damage    Failure   Level
 Gell's Gravitas          Tloc           16%        N/A       4%          3
 Shock                    Conj/Air       20%        1d4       8%          1
 Dazzling Flash           Conj/Hex       22%        N/A       10%         3
 Wereblood                Tmut           5%         N/A       11%         2
 Conjure Flame            Conj/Fire      5%         6-21      21%         3
 Frozen Ramparts          Ice            10%        1d3       21%         3
 Ignite Poison            Fire/Tmut/Pois 5%         N/A       21%         3
 Iskenderun's Mystic Bla  Conj/Tloc      11%        2d4       30%         4
 Manifold Assault         Tloc           16%        N/A       34%         5
 Airstrike                Air            2%         N/A       54%         4
 Animate Dead             Necr           2%         N/A       54%         4
 Hailstorm                Conj/Ice       5%         3d4       54%         4
 Ice Form                 Ice/Tmut       5%         N/A       54%         4
 Sticky Flame             Conj/Fire      5%         2d3       54%         4
 Summon Ice Beast         Ice/Summ       5%         N/A       54%         4
 Summon Forest            Summ/Tloc      5%         N/A       61%         5
 Yara's Violent Unravell  Hex/Tmut       5%         3d4       61%         5
 Fireball                 Conj/Fire      2%         3d4       86%         5
 Freezing Cloud           Conj/Ice/Air   2%         6-21      86%         5
 Dispersal                Tloc           8%         N/A       88%         6
 Eringya's Noxious Bog    Tmut/Pois      2%         N/A       100%        6
 Simulacrum               Ice/Necr       2%         N/A       100%        6
 Starburst                Conj/Fire      2%         6d3       100%        6
 Haunt                    Necr/Summ      2%         N/A       100%        7
 Summon Hydra             Summ           2%         N/A       100%        7
 Ignition                 Fire           2%         3d3       100%        8
 Infestation              Necr           2%         N/A       100%        8
 Polar Vortex             Ice            2%         N/A       100%        9
 Sublimation of Blood     Necr           Unusable   N/A       N/A         2

Dungeon Overview and Level Annotations

Branches:
Dungeon (15/15)            Temple (1/1) D:4            Lair (6/6) D:10
 Shoals (4/4) Lair:3       Spider (4/4) Lair:4        Slime (0/5) Lair:5
    Orc (2/2) D:12            Elf (0/3) Orc:2        Vaults (4/5) D:14
  Crypt (0/3) Vaults:2     Depths (3/4) D:15        Ossuary (visited)
  IceCv (visited)         Volcano (visited)          WizLab (1/1)

Altars:
Ashenzari
Cheibriados
Dithmenos
Elyvilon
Fedhas
Gozag
Hepliaklqana
Kikubaaqudgha
Makhleb
Nemelex Xobeh
Okawaru
Qazlal
Ru
Sif Muna
Trog
Uskayaw
Vehumet
Wu Jian
Xom
Yredelemnul
Zin
The Shining One
Beogh

Shops:
D:12 [   Orc:2 [(*?   Shoals:1 [   Shoals:2 *   Shoals:4 [[?!(

Portals:
Hell: Depths:1 Depths:2 Depths:3
Abyss: Depths:1
Pandemonium: Depths:2 Depths:3
Ziggurat: Depths:1
Trove: Depths:3 (give 13 potions of heal wounds)

Annotations:
Spider:3 1 exclusion
Depths:2 1 runed translucent door, exclusion: door


Innate Abilities, Weirdness & Mutations

You are immune to sickness and miasma.
Your stone body is resilient. (AC +16)
You are immune to poison.
Your large and strong wings let you fly.
You resist negative energy. (rN+)
You are resistant to electric shocks. (rElec)
You are resistant to unholy torment.
You are immune to petrification.
You are occasionally teleported next to monsters.


Message History

The blizzard demon is severely wounded.
The golden flame engulfs Axaref!!!
Axaref is moderately wounded.
You are engulfed in whirling frost.
* * * LOW HITPOINT WARNING * * *
You block Axaref's attack.
The blizzard demon waves its arms in wide circles.
The air twists around and strikes you!!
* * * LOW HITPOINT WARNING * * *
The golden flame engulfs you but does no damage.
The golden flame engulfs the blizzard demon!!!!
The blizzard demon writhes in agony!
You kill the blizzard demon!
The Shining One accepts your kill.
You feel better.
You feel your power returning.
The golden flame engulfs Axaref!!!
Axaref is heavily wounded.
You are engulfed in whirling frost.
* * * LOW HITPOINT WARNING * * *
You block Axaref's attack.
You feel much better.
You are engulfed in whirling frost.
* * * LOW HITPOINT WARNING * * *
Axaref hits you but does no damage.
You bludgeon Axaref!! You burn Axaref.
Axaref is severely wounded.
You are engulfed in whirling frost.
* * * LOW HITPOINT WARNING * * *
Axaref waves his arms in wide circles.
The air twists around and strikes you.
* * * LOW HITPOINT WARNING * * *
You impale Axaref!! You burn Axaref.
Axaref is almost dead.
You are engulfed in whirling frost.
Axaref waves his arms in wide circles.
The air twists around and strikes you!!
* * * LOW HITPOINT WARNING * * *
You puncture Axaref! You burn Axaref!
Axaref is almost dead.
You are engulfed in whirling frost.
You die...

##...... ...≈≈≈≈ .≈≈≈#
≈≈≈≈#################
≈≈≈≈##..#§§#§§#§§#§§##
≈≈≈≈#.§§§.§§§§§§§§§§§#
≈≈≈≈#..§..§§§§§§§§§§§#
≈≈≈≈#.....§§§§§§§§§§.#
....'§§§..§§§§§§@§§§§+
≈≈≈≈#§§§§.§§§§§@§§§..#
≈≈≈≈#§§§§.§§§§§§§§§§§# ≈≈≈
≈≈≈≈#§§.§.§§§§§§§§§§§# #≈≈≈≈
≈≈≈≈##..#.§#§§#§§#§§## ##≈≈≈≈≈
≈≈≈≈################# ###≈≈≈≈≈≈≈
.≈≈≈####################≈≈≈≈≈≈≈..
...≈≈≈≈≈≈≈≈≈≈≈≈≈≈≈≈≈≈≈≈≈≈≈≈≈≈....
##............................###


You could see Axaref the Cloud Mage (vortex).

Vanquished Creatures
  Mara (Spider:2)
  Frederick (Vaults:4)
  Saint Roka (Depths:2)
  Bai Suzhen (Shoals:4)
  Nikola (Vaults:2)
  Arachne (Spider:3)
  Jorgrun (D:12)
  Rupert (Lair:3)
  A lich (Depths:2)
  Mlioglotl (Spider:2)
  A titan (Depths:2)
  The ghost of Rarph the Warrior, an adept DsFi of Ru (Shoals:3)
  Polyphemus (Shoals:4)
  A tengu reaver (Vaults:4)
  A shadow dragon (Depths:2)
  2 storm dragons
  An azure jelly (D:15)
  Ilsuiw (Shoals:1)
  2 fire giants (Depths:2)
  2 frost giants (IceCv)
  4 ghost moths
  14 vault wardens
  Aizul (Shoals:1)
  7 emperor scorpions
  6 orc warlords
  16 ironbound preservers
  9 very ugly things
  A war gargoyle (Vaults:2)
  9 stone giants
  Nessos (D:15)
  A vampire knight (Depths:2)
  6 spark wasps
  4 entropy weavers
  A white draconian (IceCv)
  18 dire elephants
  3 ettins
  2 merfolk javelineers (Shoals:4)
  A crystal guardian (Vaults:2)
  2 blizzard demons (WizLab)
  7 yaktaur captains
  10 merfolk impalers
  A great orb of eyes (Depths:3)
  3 fire dragons (Depths:2)
  Josephine (D:9)
  2 peacekeepers
  2 rakshasas
  23 vault guards
  A hell beast (Depths:3)
  6 hydras
  16 ironbound frosthearts
  2 ogre magi
  3 spriggan air magi
  7 ironbound thunderhulks
  17 boulder beetles
  5 catoblepae
  An alligator snapping turtle (Shoals:4)
  5 ice dragons
  A ghost crab (WizLab)
  14 centaur warriors
  4 satyrs
  15 two-headed ogres
  2 merfolk avatars
  2 dancing weapons (D:14)
  2 death knights (Vaults:2)
  5 merfolk aquamancers
  2 deep troll earth magi
  7 tengu warriors
  17 death yaks
  2 deep troll shamans
  Urug (Orc:1)
  A shock serpent (WizLab)
  A deep elf knight (Spider:2)
  8 hell knights
  A shadow wraith (Vaults:2)
  2 iron trolls
  A storm dragon skeleton (Vaults:4)
  5 skeletal warriors (D:14)
  41 deep trolls
  2 sixfirhies (Depths:3)
  8 sea snakes
  2 death drakes (WizLab)
  A deep troll (shapeshifter) (Vaults:3)
  An orange crystal statue (IceCv)
  A flayed ghost (D:15)
  A deep elf archer (Spider:2)
  6 wizards
  20 ironbound convokers
  26 harpies
  22 orb spiders
  6 lindwurms
  An obsidian statue (Volcano)
  5 necromancers
  A frost giant zombie (Vaults:4)
  9 fauns
  11 orc knights
  34 wolf spiders
  4 orc sorcerers
  12 manticores
  46 ugly things
  3 deep elf pyromancers
  6 cyclopes
  9 oklob plants
  9 merfolk sirens
  3 black mambas
  A moth of wrath (Spider:2)
  2 stone giant skeletons (D:15)
  5 water nymphs
  Maurice (D:9)
  2 apocalypse crabs (WizLab)
  5 elephants (Lair:6)
  3 rust devils (Depths:3)
  19 vault sentinels
  A fire giant skeleton (D:15)
  3 torpor snails
  2 gargoyles
  An efreet (Volcano)
  A kobold demonologist (D:6)
  3 freezing wraiths (D:15)
  An unseen horror (D:12)
  7 komodo dragons
  18 cane toads
  13 rime drakes
  2 guardian mummies (D:15)
  A tengu conjurer (Depths:1)
  13 demonic crawlers
  17 yaktaurs
  An ice devil (Depths:3)
  A queen bee (Spider:1)
  A red devil (Depths:3)
  5 trolls
  4 wind drakes
  12 hornets
  38 slime creatures
  23 polar bears
  6 meliai
  35 jumping spiders
  14 merfolk
  24 blink frogs
  6 snapping turtles
  An ettin zombie (Vaults:4)
  A spriggan zombie (D:15)
  9 water elementals
  Sigmund (D:6)
  4 dream sheep
  2 shadows
  26 tarantellas
  The ghost of Crownlay the Digger, an amateur GrEE (D:3)
  69 redbacks
  8 air elementals (WizLab)
  A fire elemental (Volcano)
  67 yaks
  9 wraiths
  2 ynoxinuls (Depths:3)
  3 wyverns
  Grum (D:10)
  3 basilisks
  10 fire bats
  A chaos spawn (Depths:3)
  A steam dragon (D:9)
  A neqoxec (Depths:3)
  8 wargs
  6 vampire mosquitoes
  4 acid dragons
  Duvessa (D:5)
  A hell hound (Spider:2)
  A floating eye (D:10)
  12 water moccasins
  34 orc warriors
  A black bear (Lair:6)
  4 sky beasts
  A necrophage (D:7)
  10 centaurs
  49 wolves
  14 ogres
  3 kobold brigands
  13 bullfrogs
  3 gnoll sergeants (D:8)
  2 earth elementals (Volcano)
  A wyvern zombie (D:8)
  3 scorpions
  A human skeleton (Vaults:4)
  Dowan (D:5)
  A water moccasin skeleton (D:4)
  21 killer bees
  A howler monkey (D:10)
  7 lava snakes (Volcano)
  6 centaur zombies
  A human zombie (Ossuary)
  A centaur skeleton (D:4)
  3 gnoll shamans (D:8)
  24 orc priests
  2 bullfrog skeletons (D:6)
  13 hounds
  An iguana (D:5)
  An iron imp (D:3)
  37 orc wizards
  2 hell rats (D:10)
  A killer bee zombie (D:7)
  A hound zombie (D:5)
  4 mummies (Ossuary)
  5 adders
  22 gnolls (D:8)
  A howler monkey skeleton (D:6)
  2 river rats (D:10)
  A shadow imp (D:8)
  A white imp (D:7)
  An ufetubus (D:4)
  An adder zombie (D:5)
  2 dart slugs (D:4)
  A worm (D:3)
  108 orcs
  A bat zombie (D:8)
  12 endoplasms
  4 giant cockroaches
  14 goblins
  7 hobgoblins
  18 jackals
  27 kobolds
  7 quokkas
  4 ball pythons
  6 bats
  6 frilled lizards
  2 gnoll zombies (Ossuary)
  A hobgoblin zombie (Ossuary)
  2 kobold zombies (Ossuary)
  A quokka zombie (D:8)
  5 rats
  2 rat zombies (D:8)
1700 creatures vanquished.

Vanquished Creatures (collateral kills)
  A merfolk impaler (Shoals:4)
  A water elemental (Shoals:4)
2 creatures vanquished.

Vanquished Creatures (others)
  The ghost of sigonnn the Nimble, a journeyman DjIE of Elyvilon (Lair:3)
  A deep troll (Vaults:2)
  A cane toad (Lair:3)
  A polar bear (IceCv)
  A yak (Lair:6)
  A bush (Lair:6)
  36 fungi
  101 plants
  10 tentacles (Shoals:3)
  9 withered plants (D:15)
162 creatures vanquished.

Grand Total: 1864 creatures vanquished

Notes
Turn   | Place    | Note
-------+----------+-------------------------------------------
     0 | D:1      | VincentAMV the Gargoyle Fighter began the quest for the
                  | Orb.
     0 | D:1      | Reached XP level 1. HP: 14/14 MP: 1/1
   160 | D:1      | Reached XP level 2. HP: 19/19 MP: 2/2
   255 | D:1      | Found a faded altar of an unknown god.
   520 | D:1      | Reached XP level 3. HP: 21/23 MP: 3/3
  1380 | D:2      | Reached XP level 4. HP: 28/28 MP: 4/4
  2432 | D:3      | Found a snail-covered altar of Cheibriados.
  2543 | D:3      | Found a blossoming altar of Fedhas.
  2640 | D:3      | Reached XP level 5. HP: 32/32 MP: 5/5
  3002 | D:3      | Found a transporter.
  3005 | D:3      | Noticed Crownlay's ghost (amateur GrEE)
  3007 | D:3      | Found a transporter.
  3007 | D:3      | Identified the +3 giant club of Righteous Anger {freeze,
                  | Drain +Blink rC+ Str+2}
  3007 | D:3      | Noticed an ogre
  3119 | D:4      | Reached skill level 5 in Axes
  3269 | D:4      | Found a staircase to the Ecumenical Temple.
  3284 | D:4      | Reached XP level 6. HP: 34/37 MP: 6/6
  3290 | Temple   | Entered the Ecumenical Temple
  3468 | Temple   | Became a worshipper of Elyvilon the Healer
  4057 | D:4      | Found a broken altar of Ashenzari.
  4251 | D:4      | Found a stormy altar of Qazlal.
  4616 | D:5      | Entered Level 5 of the Dungeon
  4666 | D:5      | Reached * piety under Elyvilon
  4808 | D:5      | Reached XP level 7. HP: 4/41 MP: 7/7
  5281 | D:5      | Identified the +6 scale mail "Jeakurr" {+Inv rF+ rC+ Str+4
                  | Slay+2}
  5439 | D:5      | Found a shimmering blue altar of Sif Muna.
  5441 | D:5      | Noticed Duvessa
  5442 | D:5      | Noticed Dowan
  5461 | D:5      | Killed Duvessa
  5466 | D:5      | Killed Dowan
  6047 | D:3      | Reached XP level 8. HP: 26/46 MP: 8/8
  6047 | D:3      | Killed Crownlay's ghost
  6332 | D:6      | Identified the ring of Suicidal Tendencies {Ice Contam
                  | rPois Str+8 Int+4}
  6426 | D:6      | Noticed a kobold demonologist
  6440 | D:6      | Noticed a red devil
  6445 | D:6      | Killed a kobold demonologist
  6451 | D:6      | Noticed Sigmund
  6460 | D:6      | Reached ** piety under Elyvilon
  6625 | D:7      | Reached skill level 10 in Axes
  6670 | D:7      | Noticed a wyvern
  6730 | D:6      | Killed Sigmund
  6731 | D:6      | Reached XP level 9. HP: 45/51 MP: 9/9
  6958 | D:6      | Found a glowing golden altar of the Shining One.
  6990 | D:6      | Fell from the grace of Elyvilon
  6990 | D:6      | Became a worshipper of the Shining One
  6990 | D:6      | Reached * piety under the Shining One
  7294 | D:6      | Found an opulent altar of Gozag.
  8092 | D:8      | Reached ** piety under the Shining One
  8275 | D:8      | Found a sand-covered staircase.
  8282 | Ossuary  | Entered an ossuary
  8410 | Ossuary  | Reached *** piety under the Shining One
  8496 | Ossuary  | Identified a scroll of acquirement
  8496 | Ossuary  | Acquired a +0 kite shield of reflection
  8641 | D:8      | Found an ancient bone altar of Kikubaaqudgha.
  8671 | D:8      | Reached XP level 10. HP: 51/56 MP: 10/10
  8898 | D:8      | Found a shadowy altar of Dithmenos.
  9021 | D:8      | Reached skill level 4 in Fighting
  9641 | D:9      | Reached skill level 5 in Shields
  9921 | D:9      | Noticed Maurice
 10252 | D:9      | Reached skill level 5 in Fighting
 10252 | D:9      | Reached skill level 5 in Armour
 10344 | D:9      | Killed Maurice
 10544 | D:9      | Noticed a two-headed ogre
 10553 | D:9      | Killed a two-headed ogre
 10615 | D:9      | Found an ornate altar of the Wu Jian Council.
 10692 | D:10     | Entered Level 10 of the Dungeon
 10695 | D:10     | Noticed Josephine
 10695 | D:10     | Reached **** piety under the Shining One
 10712 | D:9      | Killed Josephine
 10713 | D:9      | Reached XP level 11. HP: 64/64 MP: 11/11
 10726 | D:10     | Reached skill level 6 in Fighting
 10870 | D:10     | Noticed a death yak
 10913 | D:10     | Noticed an oklob plant
 10916 | D:10     | Paralysed by a floating eye for 3 turns
 11008 | D:10     | Noticed Grum
 11016 | D:10     | Killed Grum
 11277 | D:10     | Noticed a two-headed ogre
 11303 | D:10     | Killed a two-headed ogre
 11396 | D:10     | Found a staircase to the Lair.
 11397 | D:10     | Noticed a death yak
 11399 | D:10     | Noticed a death yak
 11435 | D:10     | Killed a death yak
 11450 | D:10     | Killed a death yak
 11467 | D:10     | Killed a death yak
 12085 | D:10     | Noticed an oklob plant
 12088 | D:10     | Identified the +8 bardiche of Pedodecs {vorpal, Str+4}
 12088 | D:10     | Noticed an oklob plant
 12578 | D:11     | Reached ***** piety under the Shining One
 12617 | D:11     | Noticed a manticore
 12621 | D:11     | Killed a manticore
 12731 | D:11     | You fall into a shaft and drop 3 floors!
 12894 | D:12     | Found Kuwoup's Armour Shop.
 12941 | D:12     | Reached XP level 12. HP: 65/70 MP: 12/12
 13084 | D:11     | Noticed a two-headed ogre
 13090 | D:11     | Killed a two-headed ogre
 13195 | D:11     | Reached skill level 15 in Axes
 13515 | D:11     | Noticed a two-headed ogre
 13523 | D:11     | Killed a two-headed ogre
 14163 | D:12     | Noticed Jorgrun
 14175 | D:12     | Killed Jorgrun
 14558 | D:12     | Noticed a seven-headed hydra
 14586 | D:12     | Killed a seven-headed hydra
 14914 | D:12     | Found a staircase to the Orcish Mines.
 14931 | D:12     | Acquired 869 gold pieces
 14933 | D:12     | Acquired a +1 pair of boots of rampaging
 14981 | D:12     | Bought the +3 cloak of Lightning Storm {rC- rN+ Will+
                  | Str+4} for 640 gold pieces
 15049 | D:10     | Paralysed by a floating eye for 2 turns
 15052 | D:10     | Paralysed by a floating eye for 2 turns
 15060 | D:10     | Paralysed by a floating eye for 3 turns
 15066 | D:10     | Paralysed by a floating eye for 2 turns
 15070 | D:10     | Paralysed by a floating eye for 3 turns
 15087 | D:10     | Reached skill level 10 in Shields
 15255 | Orc:1    | Entered Level 1 of the Orcish Mines
 15261 | Orc:1    | Noticed a two-headed ogre
 15290 | D:12     | Killed a two-headed ogre
 15500 | Orc:1    | Noticed an orc warlord
 15885 | D:12     | Killed an orc warlord
 15886 | D:12     | Reached XP level 13. HP: 42/74 MP: 13/13
 16164 | Orc:1    | Noticed Urug
 16198 | Orc:1    | Killed Urug
 16470 | Orc:1    | Noticed an orc warlord
 16746 | D:12     | Killed an orc warlord
 17319 | Lair:1   | Entered Level 1 of the Lair of Beasts
 17357 | Lair:1   | Reached skill level 1 in Maces & Flails
 18444 | Lair:2   | Reached skill level 7 in Fighting
 18581 | Lair:2   | Found a dark tunnel.
 18587 | Volcano  | Entered a volcano
 18870 | Volcano  | Noticed a stone giant
 18871 | Volcano  | Found a bloodstained altar of Trog.
 18903 | Volcano  | Killed a stone giant
 19287 | Volcano  | Reached skill level 8 in Fighting
 20010 | Lair:3   | Found the +8 orange crystal plate armour {Archmagi, Int+3
                  | Clar}
 20073 | Lair:3   | Found a staircase to the Shoals.
 20121 | Lair:3   | Gained mutation: Your large and strong wings let you fly.
                  | [Gargoyle growth]
 20121 | Lair:3   | Reached XP level 14. HP: 84/84 MP: 14/14
 20172 | Lair:3   | Reached skill level 5 in Maces & Flails
 20293 | Lair:3   | Found a transporter.
 20299 | Lair:3   | Found a transporter.
 20300 | Lair:3   | Noticed sigonnn's ghost (journeyman DjIE)
 20352 | Lair:3   | Identified the +1 ring mail of Taasea {-Tele rElec rPois
                  | Int-3}
 21044 | Lair:3   | Killed sigonnn's ghost
 21045 | Lair:3   | Reached skill level 9 in Fighting
 21401 | Lair:4   | Noticed Rupert
 21880 | Lair:3   | Killed Rupert
 22800 | Lair:4   | Found a hole to the Spider Nest.
 23232 | Lair:4   | Reached ****** piety under the Shining One
 23249 | Lair:4   | Reached skill level 10 in Fighting
 23499 | Lair:5   | Found a staircase to the Slime Pits.
 24428 | Lair:6   | Entered Level 6 of the Lair of Beasts
 24523 | Lair:6   | Reached skill level 15 in Shields
 24525 | Lair:6   | Reached XP level 15. HP: 45/92 MP: 15/15
 24808 | Lair:6   | Reached skill level 10 in Maces & Flails
 24848 | Lair:6   | Found an ancient bone altar of Kikubaaqudgha.
 25297 | Lair:6   | Reached skill level 1 in Invocations
 25465 | Lair:6   | Reached skill level 1 in Spellcasting
 26127 | Lair:6   | Learned a level 1 spell: Slow
 26130 | Lair:6   | Learned a level 2 spell: Blink
 26301 | Orc:2    | Entered Level 2 of the Orcish Mines
 26442 | Orc:2    | Found a staircase to the Elven Halls.
 26748 | Orc:2    | Found Elei's Magic Scroll Shop.
 26764 | Orc:2    | Bought 2 scrolls of enchant armour for 225 gold pieces
 26764 | Orc:2    | Bought a scroll of enchant armour for 112 gold pieces
 26764 | Orc:2    | Bought a scroll of teleportation for 45 gold pieces
 27196 | Orc:2    | Found Hicuf's General Store.
 27213 | Orc:2    | Bought a potion of cancellation for 96 gold pieces
 27213 | Orc:2    | Bought a wand of paralysis (6) for 96 gold pieces
 27213 | Orc:2    | Bought a scroll of teleportation for 36 gold pieces
 27213 | Orc:2    | Bought a scroll of enchant weapon for 90 gold pieces
 27255 | Orc:2    | Noticed an orc warlord
 27617 | Orc:2    | Found Miulypti's Antique Weapon Shoppe.
 27619 | Orc:2    | Found Itzoj's Antique Armour Emporium.
 27632 | Orc:2    | Bought a pair of runed gloves for 270 gold pieces
 27830 | Orc:2    | Found a staircase to the Elven Halls.
 27865 | Orc:2    | Found Elei's Magic Scroll Shop.
 28089 | Orc:2    | Found Itzoj's Antique Armour Emporium.
 28093 | Orc:2    | Found Miulypti's Antique Weapon Shoppe.
 28178 | Orc:2    | Killed an orc warlord
 28321 | Orc:2    | Found Hicuf's General Store.
 28532 | D:13     | Reached skill level 5 in Invocations
 29408 | D:14     | Found a gate to the Vaults.
 29662 | D:14     | Reached XP level 16. HP: 88/99 MP: 19/21
 29975 | D:14     | Reached skill level 11 in Fighting
 30661 | D:15     | Entered Level 15 of the Dungeon
 30731 | D:15     | Found a frozen archway.
 30731 | D:15     | Noticed an azure jelly
 30735 | D:15     | Killed an azure jelly
 30736 | D:15     | Reached skill level 10 in Armour
 30762 | IceCv    | Entered an ice cave
 30863 | IceCv    | Reached skill level 5 in Spellcasting
 31097 | IceCv    | Reached skill level 12 in Fighting
 32131 | IceCv    | Identified the +7 mace "Vostroli" {antimagic, *Rage rF+++
                  | Dex+5 Stlth-}
 32335 | D:15     | Noticed Nessos
 32358 | D:15     | Reached skill level 13 in Fighting
 32372 | D:15     | Killed Nessos
 32735 | D:15     | Reached XP level 17. HP: 70/109 MP: 24/24
 32752 | D:15     | Found a staircase to the Depths.
 33177 | D:15     | Reached skill level 14 in Fighting
 33191 | D:15     | Found an ornate altar of the Wu Jian Council.
 33461 | Shoals:1 | Entered Level 1 of the Shoals
 33507 | Shoals:1 | Reached skill level 1 in Hexes
 33507 | Shoals:1 | Reached skill level 1 in Translocations
 33873 | Shoals:1 | Noticed Aizul
 33894 | Shoals:1 | Killed Aizul
 34185 | Shoals:1 | Found Kyanour's Armour Boutique.
 34352 | Shoals:2 | Noticed Ilsuiw
 34619 | Shoals:1 | Killed Ilsuiw
 35309 | Shoals:2 | Noticed a kraken
 35432 | Shoals:2 | Found Tocruc's Assorted Antiques.
 35440 | Shoals:2 | Bought a scroll of magic mapping for 80 gold pieces
 35440 | Shoals:2 | Bought a scroll of blinking for 172 gold pieces
 35440 | Shoals:2 | Bought a scroll of teleportation for 69 gold pieces
 35440 | Shoals:2 | Bought a runed broad axe for 161 gold pieces
 35849 | Shoals:3 | Noticed a kraken
 36411 | Shoals:3 | Found a runed translucent door.
 36411 | Shoals:3 | Noticed Rarph's ghost (adept DsFi)
 36421 | Shoals:3 | Killed Rarph's ghost
 36434 | Shoals:4 | Entered Level 4 of the Shoals
 36434 | Shoals:4 | Noticed Polyphemus
 36524 | Shoals:4 | Reached skill level 10 in Invocations
 36535 | Shoals:4 | Found Amahut's Weapon Shop.
 36590 | Shoals:4 | Found Yhuedy's Antique Armour Shoppe.
 36671 | Shoals:4 | Found Maufeneqe's Armour Shoppe.
 36734 | Shoals:4 | Found the ring of the Mage {Wiz Will++ Int+3}
 36818 | Shoals:4 | Killed Polyphemus
 36849 | Shoals:4 | Reached XP level 18. HP: 62/116 MP: 28/28
 37287 | Shoals:4 | Found Esicw's Magic Scroll Shop.
 37289 | Shoals:4 | Found Zuiphaji's Distillery.
 37301 | Shoals:4 | Bought a scroll of magic mapping for 42 gold pieces
 37301 | Shoals:4 | Bought a scroll of teleportation for 36 gold pieces
 37301 | Shoals:4 | Bought a scroll of summoning for 114 gold pieces
 37301 | Shoals:4 | Bought a scroll of enchant weapon for 90 gold pieces
 37304 | Shoals:4 | Bought a potion of might for 52 gold pieces
 37304 | Shoals:4 | Bought a potion of resistance for 130 gold pieces
 37304 | Shoals:4 | Bought a potion of curing for 39 gold pieces
 37304 | Shoals:4 | Bought a potion of ambrosia for 104 gold pieces
 37304 | Shoals:4 | Bought a potion of curing for 39 gold pieces
 37304 | Shoals:4 | Bought a potion of curing for 39 gold pieces
 37304 | Shoals:4 | Bought a potion of curing for 39 gold pieces
 37304 | Shoals:4 | Bought a potion of heal wounds for 65 gold pieces
 37361 | Shoals:4 | Noticed Bai Suzhen
 37372 | Shoals:4 | Killed Bai Suzhen
 37741 | Shoals:4 | Identified the +9 war axe of Leerr {freeze, rPois rC-
                  | Dex+2}
 37763 | Shoals:4 | Reached skill level 1 in Dodging
 38091 | Shoals:4 | Got a barnacled rune of Zot
 38712 | Spider:1 | Entered Level 1 of the Spider Nest
 40008 | Spider:1 | Reached skill level 15 in Fighting
 41295 | Spider:2 | Reached skill level 16 in Fighting
 41815 | Spider:3 | Noticed Arachne
 42029 | Spider:3 | Killed Arachne
 42030 | Spider:3 | Reached XP level 19. HP: 109/126 MP: 29/29
 42505 | Spider:3 | Identified the +5 ring mail "Sonym" {Harm rC+ rCorr}
 42953 | Spider:3 | Noticed Mara
 42959 | Spider:3 | Noticed Mlioglotl
 42981 | Spider:2 | Noticed VincentAMV's illusion
 43015 | Spider:2 | Noticed VincentAMV's illusion
 43017 | Spider:2 | Killed Mara
 43106 | Spider:2 | Identified a +7 sacred scourge of holy wrath (a +5 demon
                  | whip of freezing blessed by the Shining One)
 43106 | Spider:2 | Received a gift from the Shining One
 43116 | Spider:2 | Killed Mlioglotl
 43186 | Spider:3 | Reached skill level 17 in Fighting
 43350 | Spider:4 | Entered Level 4 of the Spider Nest
 44565 | Spider:4 | Reached skill level 18 in Fighting
 45883 | Spider:4 | Got a gossamer rune of Zot
 46230 | Vaults:1 | Entered Level 1 of the Vaults
 46262 | Vaults:1 | Reached skill level 15 in Armour
 46423 | Vaults:1 | Reached skill level 19 in Fighting
 46566 | Vaults:1 | Reached XP level 20. HP: 87/139 MP: 30/30
 47372 | Vaults:1 | Reached skill level 20 in Fighting
 49096 | Vaults:2 | Noticed Nikola
 49473 | Vaults:2 | Killed Nikola
 49760 | Vaults:2 | Reached skill level 21 in Fighting
 50354 | Vaults:2 | Identified the amulet of Lucsufeg {Acrobat rC- Regen+ Str+9
                  | Int-3}
 50430 | Vaults:2 | Found a staircase to the Crypt.
 50654 | Vaults:2 | Reached XP level 21. HP: 94/149 MP: 31/31
 51072 | Vaults:2 | Reached skill level 15 in Invocations
 51688 | Vaults:3 | Reached skill level 22 in Fighting
 53466 | Vaults:4 | Noticed Frederick
 54664 | Vaults:4 | Killed Frederick
 55073 | Vaults:4 | Reached skill level 23 in Fighting
 55098 | Vaults:4 | Reached XP level 22. HP: 80/160 MP: 20/34
 55850 | D:15     | Acquired the +1 pair of boots "Wedajem" {rF+}
 55852 | D:15     | Acquired 1273 gold pieces
 55869 | D:15     | Learned a level 3 spell: Confusing Touch
 55873 | D:15     | Learned a level 3 spell: Teleport Other
 55877 | D:15     | Learned a level 3 spell: Lesser Beckoning
 55881 | D:15     | Learned a level 3 spell: Swiftness
 55884 | Depths:1 | Entered Level 1 of the Depths
 56184 | Depths:1 | Found a gateway to a ziggurat.
 56286 | Depths:1 | Found a one-way gate to the infinite horrors of the Abyss.
 56533 | Depths:1 | Found a gateway to Hell.
 56767 | Depths:2 | Found a runed translucent door.
 56962 | Depths:2 | Noticed a caustic shrike
 56970 | Depths:2 | Noticed a caustic shrike
 57085 | Depths:2 | Noticed Saint Roka
 57626 | Depths:2 | Found a one-way gate leading to the halls of Pandemonium.
 57956 | Depths:2 | Killed Saint Roka
 58426 | Depths:3 | Reached skill level 24 in Fighting
 58445 | Depths:3 | Found a portal to a secret trove of treasure.
 58549 | Depths:3 | Gained mutation: You are occasionally teleported next to
                  | monsters. [a neqoxec]
 58591 | Depths:3 | Found a magical portal.
 58596 | WizLab   | Entered The Chambers of the Cloud Mage
 58612 | WizLab   | Paralysed by an air elemental for 1 turns
 58680 | WizLab   | Paralysed by an air elemental for 1 turns
 58764 | WizLab   | Paralysed by an air elemental for 1 turns
 58837 | WizLab   | Paralysed by an air elemental for 1 turns
 58870 | WizLab   | Killed from afar by Axaref the Cloud Mage

Illustrated notes

Levels and vault maps discovered:
D:1:      amcnicky_arrival_choice, layout_basic, ebering_ecumenical_altar_hall,
          grunt_decor_junction
D:2:      layout_loops_ring, minmay_pentomino_p2
D:3:      layout_loops_ring, fedhas_altar_3, slow_altar_1, gammafunk_ghost_smash
D:4:      layout_basic, general_overflow_altar, ashenzari_altar_1,
          minmay_temple_entry_sparse_star, serial_bayou, serial_bayou_crossing,
          serial_bayou_lagoon_b, serial_bayou_pond_d, serial_bayou_shore_b,
          serial_bayou_pond_d, serial_bayou_shore_a
D:5:      nicolae_cairo_tiling_large_dashed, layout_loops_ring,
          nicolae_sif_muna_condensation, minmay_ogre_servants, uniq_duvessa
D:6:      layout_basic, lemuel_tele_altar, grunt_gozag_breadcrumbs, uniq_sigmund
D:7:      layout_rooms
D:8:      layout_cave_pools, lemuel_zombie_altar_kikubaaqudgha,
          kennysheep_little_box, enter_ossuary_4, serial_gnoll_camp,
          gnoll_camp_mini_basic, gnoll_camp_mini_hut, gnoll_camp_mini_doghouse,
          gnoll_camp_mini_doghouse, gnoll_camp_medium_02, gnoll_camp_medium_01
D:9:      layout_small_grid, mainiacjoe_overflow_catwalk, minmay_holes,
          uniq_maurice
D:10:     layout_roguey, dpeg_lair_monsters, st_stairs_6, disabler_island,
          uniq_josephine, uniq_grum
D:11:     layout_roguey
D:12:     layout_long_grid, orc_0_dummy, serial_shops,
          nicolae_shop_hallway_stairs, uniq_jorgrun
D:13:     layout_stronghold, serial_column_ruins, column_ruins_hut,
          column_ruins_open_small, column_ruins_open_tiny,
          column_ruins_open_tiny, column_ruins_grid_1,
          column_ruins_columns_straight
D:14:     layout_irregular_city, erik_vaults_1, moated_statue,
          gauntlet_entry_generic
D:15:     gammafunk_depths_entry_grave, layout_loops_ring,
          portal_ice_cave_entry_frozen_things, chequers_decorated_corner,
          nicolae_wu_jian_immortal_techniques, uniq_nessos
Temple:   chequers_temple_sunken
Lair:1:   layout_roguey, chequers_serial_rivers_room_b, lemuel_fruit_tree,
          serial_bayou_shore_b
Lair:2:   layout_regular_city, nicolae_volcano_entry_lava_flow,
          nicolae_quartered_pool_super, infiniplex_staircase_pool,
          serial_bayou_shore_b, serial_bayou_shore_b
Lair:3:   layout_cave_pods, shoals_dummy_entry, nzn_ghost_randoct
Lair:4:   minmay_lair_oklob_tunnel, layout_cave_pods,
          nicolae_spider_entry_orb_guardian, uniq_rupert
Lair:5:   layout_regular_city, nicolae_slime_entry_slimehenge,
          chequers_serial_rivers_room_b
Lair:6:   grunt_lair_end_beastmaster, layout_loops_ring, basic_altar,
          grunt_forest_large_clearings
Shoals:1: layout_shoals, serial_shops, nicolae_lakefront_shop, centaur_isle,
          uniq_aizul
Shoals:2: layout_shoals, serial_shops, shop, nicolae_shoals_dead_sea_scrolls,
          uniq_ilsuiw
Shoals:3: layout_shoals, gammafunk_ghost_grave
Shoals:4: shoals_end_simple, layout_shoals, shoals_ilsuiw_ice, serial_shops,
          nicolae_shop_competitors_out_of_business, nicolae_lakefront_shop,
          shop, nicolae_lakefront_shop, shop, uniq_bai_suzhen, uniq_polyphemus
Spider:1: layout_spider_delve, special_room [special_room_bee],
          hellmonk_watch_for_rolling_rocks
Spider:2: layout_spider_delve, beargit_elvish_explorers
Spider:3: layout_spider_delve, uniq_arachne, uniq_mlioglotl, uniq_mara
Spider:4: guppyfry_spider_rune, nicolae_spider_rock_and_or_roll
Orc:1:    layout_caves, mines2_david, uniq_urug
Orc:2:    grunt_orc_community_town_hall, layout_diamond_mine,
          grunt_orc_community_big_house_1, grunt_orc_community_big_house_2,
          grunt_orc_community_house_1, grunt_orc_community_house_2,
          grunt_orc_community_house_3, grunt_orc_community_house_3,
          grunt_orc_community_house_3, mines2_david
Vaults:1: nicolae_vaults_ninety_degrees, v_pattern_1, v_misc_17,
          nicolae_vaults_puzzle_piece, v_rooms_3, vaults_room_grid, v_misc_17,
          vaults_room_guarded_vault, layout_vaults_maze_snakey
Vaults:2: ontoclasm_vaults_ring_square, nicolae_vaults_little_squares_1,
          hangedman_vaults_stream, blue_anna_dwarven_crypt, v_misc_10, v_misc_3,
          nicolae_vaults_triangles, v_alt_pattern_2, vaults_dpeg_diagonal,
          nicolae_vaults_meeting, nicolae_vaults_little_squares_3,
          nicolae_vaults_ring_of_whatevers, vaults_room_pool,
          layout_vaults_omnicross, uniq_nikola
Vaults:3: ontoclasm_vaults_decontamination, v_misc_12, st_smaller_cells,
          ontoclasm_vaults_fault, v_misc_3, v_misc_10, v_alt_pattern_6,
          vaults_room_stairs_pillars, vaults_room_pools, v_misc_24,
          vaults_room_grid, layout_vaults_ring
Vaults:4: vaults_room_door_hall, hangedman_vaults_stretched_pinwheel,
          hangedman_vaults_maws, v_pattern_3, hangedman_vaults_stitches,
          nicolae_vaults_big_ls, layout_vaults_quadrants, uniq_frederick
Depths:1: layout_basic, enter_ziggurat_a, pf_coc_iceberg, abyss_entry,
          minmay_misc_feat_five, evilmike_butchery
Depths:2: minmay_expanding_circles, layout_cave_pools, grunt_decor_mini_mirrors,
          pan_entry, hell_entry, serial_bayou_pond_c,
          serial_sigils_hangedman_shear, infiniplex_staircase_squiggle,
          serial_bayou_shore_b, uniq_saint_roka
Depths:3: minmay_sliced_demisemicircle, layout_cave_pools, enter_trove_5,
          mu_enter_wizlab_2, hell_entry, grunt_pan_entry_in_and_out,
          minmay_misc_feat_tower, abyss_entry, minmay_staircase_statues,
          firewood_loft
WizLab:   wizlab_cloud

Skill      XL: |  1  2  3  4  5  6  7  8  9 10 11 12 13 14 15 16 17 18 19 20 21 22 |
---------------+-------------------------------------------------------------------+-----
Axes           | 2 3 4 5 6 8 10 12 13 14 16 | 16.0
Shields        | 4 6 8 11 13 15 | 15.0
Fighting       | 5 6 8 10 13 14 16 19 21 23 24 | 24.1
Armour         | 5 7 8 9 12 13 15 | 15.0
Maces & Flails | 4 9 11 | 11.8
Invocations    | 6 7 10 12 14 17 18 | 18.0
Spellcasting   | 3 5 6 7 9 |  9.0
Hexes          | 4 |  4.0
Translocations | 4 |  4.0
Dodging        | 3 |  3.0

Action                   |  1- 3 |  4- 6 |  7- 9 | 10-12 | 13-15 | 16-18 | 19-21 | 22-24 || total
-------------------------+-------+-------+-------+-------+-------+-------+-------+-------++-------
Melee: War axe           |   126 |   231 |   287 |   471 |   117 |       |       |       ||  1232
       Flail             |       |       |       |    10 |       |       |       |       ||    10
       Whip              |       |       |       |       |   340 |       |       |       ||   340
       Eveningstar       |       |       |       |       |   917 |  1345 |  1499 |   393 ||  4154
       Bardiche          |       |       |       |       |     2 |       |       |       ||     2
Throw: Dart              |       |       |       |    13 |       |       |       |       ||    13
Invok: Cleansing Flame   |       |       |       |       |       |     5 |    14 |     7 ||    26
       Brand Weapon With |       |       |       |       |       |       |     1 |       ||     1
Evoke: Wand              |       |       |       |     7 |     1 |       |     1 |       ||     9
  Use: Scroll            |       |     6 |    10 |     8 |    13 |    10 |     1 |     6 ||    54
       Potion            |       |       |     3 |     5 |     5 |     5 |     3 |     1 ||    22
Armor: Scale mail        |    50 |       |   136 |   293 |   478 |   893 |   847 |   183 ||  2880
       Chain mail        |    52 |   168 |     3 |       |       |       |       |       ||   223
       Crystal plate arm |       |       |       |       |     8 |       |       |       ||     8
Dodge: Dodged            |    69 |   105 |    97 |   144 |   310 |   529 |   471 |   105 ||  1830
Block: Buckler           |    31 |    55 |    42 |       |       |       |       |       ||   128
       Kite shield       |       |       |    12 |   247 |   677 |   833 |   876 |   180 ||  2825
       Reflection        |       |       |       |    21 |    29 |    51 |    39 |     5 ||   145

Table legend: (Time is in decaauts)
 A = Elapsed time spent in this place.
 B = Non-inter-level travel time spent in this place.
 C = Inter-level travel time spent in this place.
 D = Time resting spent in this place.
 E = Time spent auto-exploring this place.
 F = Levels seen in this place.
 G = Mean time per level.
                   A        B        C        D        E       F      G
               +--------+--------+--------+--------+--------+-----+--------+
         Total |  57813 |  53134 |   4679 |  14254 |  27341 |  43 | 1344.5 |
       Dungeon |  19954 |  17998 |   1956 |   4032 |  10297 |  15 | 1330.3 |
        Temple |    241 |    219 |     22 |      0 |    210 |   1 |  241.0 |
          Lair |   9031 |   8378 |    653 |   2011 |   4836 |   6 | 1505.2 |
        Shoals |   5033 |   4363 |    670 |   1248 |   2035 |   4 | 1258.2 |
   Spider Nest |   6084 |   5676 |    408 |   2109 |   2253 |   4 | 1521.0 |
  Orcish Mines |   2790 |   2349 |    441 |    336 |   1244 |   2 | 1395.0 |
        Vaults |   9242 |   9026 |    216 |   3040 |   4464 |   4 | 2310.5 |
        Depths |   2620 |   2310 |    310 |    440 |   1303 |   3 |  873.3 |
       Ossuary |    228 |    228 |      0 |     22 |     39 |   1 |  228.0 |
      Ice Cave |   1504 |   1504 |      0 |    705 |    427 |   1 | 1504.0 |
       Volcano |    816 |    816 |      0 |    261 |    166 |   1 |  816.0 |
        Wizlab |    264 |    264 |      0 |     48 |     66 |   1 |  264.0 |
               +--------+--------+--------+--------+--------+-----+--------+

Top non-repeatable levels by time:
Vaults:2: 3039 daAuts
Spider:3: 2880 daAuts
Vaults:4: 2829 daAuts
    D:12: 2647 daAuts
  Lair:4: 2466 daAuts
    D:10: 2164 daAuts
  Lair:3: 2137 daAuts
Vaults:1: 2119 daAuts
   Orc:2: 1784 daAuts
Depths:2: 1636 daAuts
     D:8: 1602 daAuts
     D:4: 1533 daAuts
Shoals:4: 1515 daAuts
   IceCv: 1504 daAuts
Shoals:3: 1472 daAuts
